 Dungeon Crawl Stone Soup version 0.28-a0-1032-ga8db75c868 (webtiles) character file.

Game seed: 5821830166135263484

412 GregHouse the Chopper (level 6, 0/45 (56) HPs)
             Began as a Hill Orc Monk on Dec 7, 2021.
             Succumbed to a wight's poison
             ... on level 4 of the Dungeon.
             The game lasted 00:15:27 (5468 turns).

GregHouse the Chopper (Hill Orc Monk)               Turns: 5468, Time: 00:15:28

HP:   0/45 (56)     AC: 11    Str: 15 (16) XL:     6   Next: 90%
MP:   6/6           EV:  7    Int: 10      God:
Gold: 168           SH:  0    Dex: 13      Spells: 5/5 levels left

rFire   + . .      SeeInvis .   q - +0 scythe (pain)
rCold   + . .      Faith    .   (shield currently unavailable)
rNeg    . . .      Spirit   .   i - +0 chain mail
rPois   +          Reflect  .   h - +0 helmet
rElec   +          Harm     .   g - +0 cloak
rCorr   +          Rampage  .   (no gloves)
Will    .....                   (no boots)
Stlth   ..........              (no amulet)
HPRegen 0.15/turn               (no ring)
MPRegen 0.10/turn               (no ring)

@: lethally poisoned (0 -> -7), resistant, heavily drained
A: deterioration 1, sense surroundings 2
a: no special abilities


You were on level 4 of the Dungeon.
You visited 1 branch of the dungeon, and saw 5 of its levels.

You collected 168 gold pieces.

Inventory:

Hand Weapons
 a - a +0 hand axe
 q - a +0 scythe of pain (weapon)
Missiles
 f - 97 stones (quivered)
Armour
 g - a +0 cloak (worn)
 h - a +0 helmet (worn)
 i - a +0 chain mail (worn)
Jewellery
 m - a ring of wizardry
Wands
 l - a wand of paralysis (10)
Scrolls
 p - a scroll of identify
Potions
 k - 2 potions of invisibility {unknown}
 o - a potion of magic {unknown}


   Skills:
 + Level 5.2 Fighting
 + Level 7.0 Axes
 + Level 3.0 Armour
 - Level 3.2 Dodging
 + Level 2.0 Stealth


You had 5 spell levels left.
You didn't know any spells.
Your spell library contained the following spells:

 Spells                   Type           Power      Damage    Failure   Level
 Ignite Poison            Fire/Tmut/Pois 0%         N/A       100%        3
 Mephitic Cloud           Conj/Pois/Air  0%         N/A       100%        3
 Freezing Cloud           Conj/Ice/Air   0%         6-21      100%        5


Dungeon Overview and Level Annotations

Branches:
Dungeon (5/15)
 Temple: D:4-7

Altars:

Annotations:
D:1 exclusion: downstairs
D:4 exclusion: 2 downstairs


Innate Abilities, Weirdness & Mutations

Your body sometimes deteriorates upon taking damage.
You passively map the area around you.


Message History

You are more poisoned.
You feel better.
The wight hits you with a +0 short sword of venom.
* * * LOW HITPOINT WARNING * * *
As you read the scroll labelled HUTOAH GOECA, it crumbles to dust.
You hear a loud clanging noise!
It was a scroll of noise.
The wight hits you but does no damage.
You are lethally poisoned!
You feel better. The wight hits you but does no damage.
It was a potion of mutation.
You feel extremely strange.
You feel a strange attunement to the structure of the dungeons.
You feel yourself wasting away.
Your attunement to dungeon structure grows.
The wight barely misses you.
You barely miss the wight. The wight hits you but does no damage.
You are poisoned.
You hit the wight.
The wight is lightly damaged.
You feel very sick. The wight hits you but does no damage.
You are lethally poisoned!
The wight closely misses you.
You slash the wight!
The wight is almost destroyed.
* * * LOW HITPOINT WARNING * * *
Your body deteriorates!
You feel weakened.
You feel very sick. The wight hits you but does no damage.
You are more poisoned.
The wight closely misses you.
You feel better.
The wight hits you with a +0 short sword of venom!
* * * LOW HITPOINT WARNING * * *
You are lethally poisoned!
It was a potion of resistance.
You feel protected.
* * * LOW HITPOINT WARNING * * *
You feel very sick. The wight closely misses you.
You feel protected.
You die...

# #.# ##.###.....#### # #.#
#######......# # #.###
#............#
#########...#####.#####......#
..................#........#.#
###########.#######.########.#
#.# #####.########.#
##.###............#.#
#######..รท..z@.[.######.#.#
####........###<##########.#.#
..##.######.##...## #........#
#.##.# #.#.#.#.###.####.###
#....# #...........# #.#
#.#### ###.#.#.##### #.# ..#
##...#########.# ###
##............# ##############


You could see a wight.

Vanquished Creatures
  Sigmund (D:4)
  A centaur skeleton (D:4)
  A jelly (D:4)
  A hound (D:4)
  An iguana (D:4)
  Robin (D:3)
  5 adders
  An ufetubus (D:4)
  A worm (D:3)
  2 dart slugs
  3 orcs
  4 bats
  8 endoplasms
  12 goblins
  4 hobgoblins
  6 jackals
  9 kobolds
  6 quokkas
  8 ball pythons
  3 frilled lizards
  3 rats
81 creatures vanquished.

Notes
Turn   | Place    | Note
-------+----------+-------------------------------------------
     0 | D:1      | GregHouse the Hill Orc Monk began the quest for the Orb.
     0 | D:1      | Reached XP level 1. HP: 19/19 MP: 1/1
   269 | D:1      | Reached XP level 2. HP: 27/27 MP: 2/2
   793 | D:2      | Reached XP level 3. HP: 32/33 MP: 3/3
  1499 | D:2      | You fall into a shaft and drop 1 floor!
  1586 | D:3      | Reached skill level 5 in Axes
  1586 | D:3      | Reached XP level 4. HP: 11/40 MP: 4/4
  2158 | D:2      | Found a faded altar of an unknown god.
  2486 | D:3      | Noticed Robin
  2511 | D:3      | Killed Robin
  2517 | D:3      | Reached XP level 5. HP: 34/47 MP: 5/5
  3661 | D:4      | Reached skill level 6 in Axes
  3684 | D:4      | Noticed Sigmund
  3705 | D:4      | HP: 1/47 [something (10)]
  4081 | D:4      | Reached skill level 1 in Armour
  4182 | D:5      | Entered Level 5 of the Dungeon
  4201 | D:4      | Reached XP level 6. HP: 31/55 MP: 6/6
  4741 | D:5      | Noticed a sky beast
  4847 | D:4      | Killed Sigmund
  4848 | D:4      | Reached skill level 5 in Fighting
  5224 | D:4      | Reached skill level 7 in Axes
  5458 | D:4      | HP: 2/46 [wight (1)]
  5462 | D:4      | Gained mutation: You passively map a small area around you.
                  | [potion of mutation]
  5462 | D:4      | Gained mutation: Your body sometimes deteriorates upon
                  | taking damage. [potion of mutation]
  5462 | D:4      | Gained mutation: You passively map the area around you.
                  | [potion of mutation]
  5467 | D:4      | HP: 1/45 [poisoned by a wight]
  5468 | D:4      | Succumbed to a wight's poison

Illustrated notes

Levels and vault maps discovered:
D:1:      dpeg_arrival_yet_another_circle, layout_rooms, minmay_close_crescents
D:2:      layout_rooms, shapermc_ecumenical_altar_ellora,
          amcnicky_mini_corridor_feature, kennysheep_generic_room_11
D:3:      layout_basic, uniq_robin
D:4:      layout_loops_ring, uniq_sigmund
D:5:      layout_basic, uniq_grinder

Skill      XL: |  1  2  3  4  5  6 |
---------------+-------------------+-----
Fighting       | 4 5 |  5.2
Axes           | 5 6 7 |  7.0
Dodging        | 3 |  3.2
Armour         | 2 3 |  3.0
Stealth        | 2 |  2.0

Action                   |  1- 3 |  4- 6 || total
-------------------------+-------+-------++-------
Melee: Hand axe          |   100 |   213 ||   313
       Scythe            |       |    16 ||    16
  Use: Scroll            |       |     5 ||     5
       Potion            |       |     8 ||     8
 Stab: Sleeping          |     2 |       ||     2
Armor: Robe              |    10 |     8 ||    18
       Ring mail         |       |    28 ||    28
       Chain mail        |       |   108 ||   108
Dodge: Dodged            |    71 |   109 ||   180

Table legend: (Time is in decaauts)
 A = Elapsed time spent in this place.
 B = Non-inter-level travel time spent in this place.
 C = Inter-level travel time spent in this place.
 D = Time resting spent in this place.
 E = Time spent auto-exploring this place.
 F = Levels seen in this place.
 G = Mean time per level.
                   A        B        C        D        E       F      G
               +--------+--------+--------+--------+--------+-----+--------+
         Total |   5505 |   5413 |     92 |   2212 |   1526 |   5 | 1101.0 |
       Dungeon |   5505 |   5413 |     92 |   2212 |   1526 |   5 | 1101.0 |
               +--------+--------+--------+--------+--------+-----+--------+

Top non-repeatable levels by time:
     D:4: 2267 daAuts
     D:1: 1261 daAuts
     D:2: 977 daAuts
     D:3: 968 daAuts
     D:5: 31 daAuts
